 Dungeon Crawl Stone Soup version 0.21-a0-210-gbfa5647 (webtiles) character file.

72 Gorglomux the Skirmisher (level 4, -2/41 HPs)
             Began as a Hill Orc Abyssal Knight on Aug 21, 2017.
             Was a Believer of Lugonu.
             Slain by a worm (9 damage)
             ... on level 2 of the Dungeon.
             The game lasted 00:02:03 (1189 turns).

Gorglomux the Skirmisher (Hill Orc Abyssal Knight)  Turns: 1189, Time: 00:02:04

Health: -2/41      AC:  5    Str: 15    XL:     4   Next: 26%
Magic:  6/6        EV: 10    Int: 12    God:    Lugonu [**....]
Gold:   84         SH:  0    Dex: 10    Spells: 3/3 levels left

rFire    . . .     SeeInvis .   l - +0 war axe
rCold    . . .     Gourm    .   (no shield)
rNeg     . . .     Faith    .   g - +0 ring mail
rPois    .         Spirit   .   (no helmet)
rElec    .         Reflect  .   (no cloak)
rCorr    .         Harm     .   (no gloves)
MR       .....                  (no boots)
Stlth    ..........             (no amulet)
HPRegen  0.13/turn              (no ring)
MPRegen  0.10/turn              (no ring)

@: no status effects
A: no striking features
a: Depart the Abyss, Bend Space, Renounce Religion


You were on level 2 of the Dungeon.
You worshipped Lugonu.
Lugonu was pleased with you.
You were not hungry.

You visited 1 branch of the dungeon, and saw 2 of its levels.
You visited the Abyss 1 time.

You collected 84 gold pieces.

Inventory:

Hand Weapons
 a - a +1 hand axe
 l - a +0 war axe (weapon)
Armour
 g - a +0 ring mail (worn)
Scrolls
 e - 2 scrolls of teleportation {unknown}
 f - a scroll of immolation {unknown}
 i - a scroll of recharging {unknown}
 k - a scroll of enchant armour {unknown}
 A - a scroll of remove curse {unknown}
Potions
 h - 2 potions of curing {unknown}
 j - a potion of lignification {unknown}
Comestibles
 c - 4 bread rations
 z - a meat ration


   Skills:
 + Level 4.6 Fighting
 + Level 4.0 Axes
 - Level 2.1 Armour
 - Level 0.7 Dodging
 + Level 3.6 Invocations


You had 3 spell levels left.
You didn't know any spells.

Dungeon Overview and Level Annotations

Branches:
Dungeon (2/15)

Altars:


Message History

The butt is severely wounded!
The gnoll hits you with a flail!!! * * * don't die
* * * You closely miss the gnoll!
The gnoll is severely wounded!
The gnoll hits you with a flail! * * * don't die
* * * A gnoll comes into view! It is wielding a flail!
A worm comes into view!
A bat comes into view!
There is a stone staircase leading down here!
The bat barely misses you! The bat closely misses you!
Space bends around butt!!!
Butt blink!
The bat barely misses you! The bat hits you but does no damage!
The bat closely misses you! The bat hits you but does no damage!
The bat hits you but does no damage! The bat barely misses you!
The worm bites butt!!! rip

#.#### ###..#.#..# #.......
#.#######.........####.##...
#............#.#............
#########.#....#.#####.##..#
########.#....#.......##...
..............######..##.#.
#######....<..>............
#g#w............#####
#.##@#.##.####.##
########g##.#.##.####g#
.........##........##.#
########g####.......#.##
########.# ##.###.....#####
.........####b## ##.........
#..........g..# #....#####
#.######.####.# ##.#.## #.
##....# ##.###.##.#


You could see a worm.

Vanquished Creatures
  2 adders (D:2)
  A gnoll (D:2)
  A worm (D:2)
  3 dart slugs (D:1)
  A giant cockroach (D:1)
  4 goblins (D:1)
  A hobgoblin (D:2)
  6 jackals (D:2)
  4 bats
  3 frilled lizards
  7 kobolds
  7 rats
40 creatures vanquished.

Notes
Turn   | Place    | Note
-------+----------+-------------------------------------------
     0 | Abyss:1  | Gorglomux the Hill Orc Abyssal Knight began the quest for the Orb.
     0 | Abyss:1  | Reached XP level 1. HP: 19/19 MP: 2/2
    31 | D:1      | Escaped the Abyss
   134 | D:1      | Reached skill level 3 in Axes
   134 | D:1      | Reached XP level 2. HP: 20/27 MP: 4/4
   353 | D:1      | Reached skill level 3 in Invocations
   464 | D:1      | Reached ** piety under Lugonu
   519 | D:1      | Reached XP level 3. HP: 26/33 MP: 5/5
   899 | D:2      | Reached XP level 4. HP: 40/41 MP: 6/6
  1189 | D:2      | Slain by a worm

Vault maps used:
D:1:      ncdulo_halloftheorcs

Skill      XL: |  1  2  3  4 |
---------------+-------------+-----
Axes           | 3 4 |  4.0
Fighting       | 4 |  4.6
Invocations    | 3 |  3.6
Armour         | |  2.1
Dodging        | |  0.7

Action                   |  1- 3 |  4- 6 || total
-------------------------+-------+-------++-------
Melee: Hand axe          |    79 |       ||    79
       War axe           |    29 |    14 ||    43
Invok: Bend Space        |       |     1 ||     1
  Eat: Chunk             |       |     1 ||     1
Armor: Leather armour    |     6 |       ||     6
       Ring mail         |    47 |     4 ||    51
Dodge: Dodged            |    70 |    10 ||    80

Table legend:
 A = Spawn XP
 B = Non-spawn XP
 C = Spawn XP percentage of total XP
 D = Spawn monster count
 E = Non-spawn monster count
 F = Spawn count percentage of total count
 G = Total turns spent on level
                    A         B        C        D         E        F      G
               +---------+---------+-------+---------+---------+-------+---------
         Total |       9 |      95 |   8.7 |       5 |      35 |  12.5 |  1189
               +---------+---------+-------+---------+---------+-------+---------
           D:1 |       2 |      32 |   5.9 |       1 |      19 |   5.0 |   501
           D:2 |       7 |      63 |  10.0 |       4 |      16 |  20.0 |   657
               +---------+---------+-------+---------+---------+-------+---------
